 Dungeon Crawl Stone Soup version 0.20-a0-1122-gb7cbeb9 (webtiles) character file.

130955 nikopol the Impaler (level 17, -1/110 HPs)
             Began as a Gargoyle Berserker on May 13, 2017.
             Was the Champion of Trog.
             Slain by nikopol's illusion (2 damage)
             ... woven by Mara
             ... on level 3 of the Swamp.
             The game lasted 01:48:55 (28374 turns).

nikopol the Impaler (Gargoyle Berserker)           Turns: 28374, Time: 01:48:56

Health: -1/110     AC: 43    Str: 23      XL:     17   Next: 9%
Magic:  5/5        EV: 21    Int:  7 (8)  God:    Trog [******]
Gold:   1920       SH:  0    Dex: 28 (29) Spells: 16/16 levels left

rFire    . . .     SeeInvis +   a - +4 glaive (antimagic)
rCold    . . .     Gourm    .   (shield currently unavailable)
rNeg     + . .     Faith    .   k - +8 scale mail "Paedioff" {rCorr Dex+5 Stlth+}
rPois    ∞         Spirit   .   L - +0 mask of the Dragon {MR+ Slay+3 SInv}
rElec    +         Reflect  .   Q - +2 cloak
rCorr    +         Harm     .   j - +0 pair of fencer's gloves {+Riposte Dex+3}
MR       ++...                  (no boots)
Stlth    ++........             A - amulet of Devotion {*Drain rPois rC- Regen+ Dex+9}
Regen    0.7/turn               O - ring of protection from cold
MPRegen  0.1/turn               m - ring of Robustness {AC+8}

@: flying, slowed, very slow
A: big wings, clumsy 1, deterioration 1, negative energy resistance 1,
electricity resistance, unbreathing, petrification resistance, rot immunity, AC
+12
a: Stop Flying, Berserk, Trog's Hand, Brothers in Arms, Burn Spellbooks,
Renounce Religion


You were on level 3 of the Swamp.
You worshipped Trog.
Trog was exalted by your worship.
You were very hungry.

You visited 4 branches of the dungeon, and saw 26 of its levels.
You also visited: Trove, Ossuary and Ice Cave.

You collected 3277 gold pieces.
You spent 1357 gold pieces at shops.

Inventory:

Hand Weapons
 a - a +4 antimagic glaive (weapon)
 z - the +7 longbow of Intimidation {velocity, MR++ Str-3}
   (Trog gifted it to you on level 13 of the Dungeon)

   Any arrow fired from it inflicts extra damage.
   It affects your strength (-3).
   It affects your resistance to hostile enchantments.
 V - the +4 bardiche "Jos Faak" {chop, rC+}
   (Trog gifted it to you on level 14 of the Dungeon)

   It inflicts extra damage upon your enemies.
   It protects you from cold.
 X - a +2 glaive of flaming
Missiles
 r - 164 arrows (quivered)
Armour
 j - the +0 pair of fencer's gloves (worn) {+Riposte Dex+3}
   (You found it in a treasure trove)

   It affects your dexterity (+3).
 k - the +8 scale mail "Paedioff" (worn) {rCorr Dex+5 Stlth+}
   (You found it in a treasure trove)

   It affects your dexterity (+5).
   It protects you from acid and corrosion.
   It makes you more stealthy.
 L - the +0 mask of the Dragon (worn) {MR+ Slay+3 SInv}
   (You found it in a treasure trove)

   It affects your accuracy and damage with ranged weapons and melee attacks
   (+3).
   It affects your resistance to hostile enchantments.
   It lets you see invisible.
 Q - a +2 cloak (worn)
Jewellery
 m - the ring of Robustness (right hand) {AC+8}
   (You found it on level 3 of the Lair of Beasts)

   [ring of protection]

   It affects your AC (+8).
 s - an uncursed ring of positive energy
 A - the amulet of Devotion (around neck) {*Drain rPois rC- Regen+ Dex+9}
   (You bought it in a shop on level 2 of the Orcish Mines)

   [amulet of regeneration]

   It affects your dexterity (+9).
   It makes you vulnerable to cold.
   It protects you from poison.
   It increases your rate of regeneration.
   It causes draining when unequipped.
 O - a ring of protection from cold (left hand)
 W - an uncursed ring of protection from magic
Wands
 B - a wand of digging (10/24)
 C - a wand of disintegration (14/24)
Scrolls
 h - 4 scrolls of blinking
 i - 2 scrolls of identify
 l - 13 scrolls of teleportation
 n - 5 scrolls of recharging
 o - 2 scrolls of magic mapping
 p - a scroll of torment {unknown}
 t - a scroll of fog {unknown}
 u - 3 scrolls of enchant weapon
 w - 3 scrolls of enchant armour
 y - 2 scrolls of fear
 T - 4 scrolls of remove curse
Potions
 b - a potion of berserk rage {unknown}
 d - 12 potions of might
 e - 9 potions of heal wounds
 f - 5 potions of brilliance
 q - 10 potions of curing
 v - 3 potions of ambrosia
 x - a potion of invisibility
 D - 2 potions of magic
 F - 3 potions of agility
 H - 3 potions of haste
 I - a potion of cancellation {unknown}
 Z - 2 potions of resistance
Comestibles
 c - 18 bread rations
 g - 17 meat rations
 J - 13 royal jellies
 K - 11 fruits


   Skills:
 + Level 13.7 Fighting
 * Level 15.6 Polearms
 * Level 12.2 Bows
 + Level 13.7 Armour
 + Level 11.0 Dodging


You had 16 spell levels left.
You didn't know any spells.

Dungeon Overview and Level Annotations

Branches:
Dungeon (15/15)            Temple (0/1) D:6            Lair (6/6) D:9
  Swamp (3/4) Lair:2        Snake (0/4) Lair:4        Slime (0/5) Lair:6
    Orc (2/2) D:11            Elf (0/3) Orc:2        Vaults (0/5) D:13
 Depths (0/5) D:15

Altars:
Cheibriados
Dithmenos
Fedhas
Gozag
Makhleb
Okawaru
Qazlal
Trog
Wu Jian
Xom
Yredelemnul
The Shining One
Beogh

Shops:
D:8 :   D:14 *   D:15 =   Orc:2 :*=*

Annotations:
Swamp:3 Mara


Innate Abilities, Weirdness & Mutations

You are resistant to torment.
Your stone body is resilient. (AC +12)
You are immune to poison.
Your large and strong wings let you fly indefinitely.
You resist negative energy. (rN+)
You are resistant to electric shocks. (rElec)
You can survive without breathing.
You are immune to petrification.
You are immune to rotting.
You are clumsy. (Dex -2)
Your body sometimes deteriorates upon taking damage.


Message History

The swamp worm completely misses you.
You closely miss Mara.
Mara is almost dead.
Mara hits you with a demon whip of electrocution!
* * * LOW HITPOINT WARNING * * *
The swamp worm completely misses you.
You riposte.
You closely miss the swamp worm. Nikopol's illusion hits you.
* * * LOW HITPOINT WARNING * * *
x2 You slice Mara!!
Mara's magic leaks into the air.
Mara is almost dead.
You are no longer berserk.
You are exhausted.
You feel yourself slow down. Mara hits you but does no damage.
Mara gestures.
You feel much better.
Mara falters for a moment.
The swamp worm bites you!
* * * LOW HITPOINT WARNING * * *
Your body deteriorates!
You feel clumsy. Nikopol's illusion hits you!
* * * LOW HITPOINT WARNING * * *
You die...

≈≈<.♣ ≈≈#§# #...(
§≈≈≈≈. #..((♣ .≈.≈...
#...(( .....≈.
#≈≈≈≈.♣♣♣♣ .♣♣#
##≈≈≈≈≈(♣§♣
.≈≈≈≈≈≈(?≈♣ ♣≈.≈@R.≈♣
♣..≈w@♣♣♣♣♣
≈♣≈≈≈≈.....♣
...≈≈≈≈..≈≈.♣
...≈≈.≈≈≈≈..≈≈≈...≈≈≈♣
≈≈≈≈≈.≈≈≈≈≈§.....≈≈.♣♣
≈.....≈≈≈≈≈.♣≈≈≈≈≈≈.♣
≈≈≈....≈≈≈....♣≈≈≈≈.♣
≈≈.≈≈≈≈≈.≈≈≈.♣♣RR≈≈≈♣
≈..≈≈≈≈..≈≈≈≈.≈.≈♣♣♣♣


You could see 3 Maras, a swamp worm and nikopol's illusion.

Vanquished Creatures
  2 thorn hunters (Swamp:3)
  Frances (D:13)
  Kirke (D:15)
  Gastronok (D:9)
  A fire giant (D:15)
  2 very ugly things
  Nessos (D:15)
  The ghost of Voxish the Fighter, a journeyman BaWn of Cheibriados (IceCv)
  Snorg (Orc:2)
  An ettin (Orc:2)
  Josephine (Swamp:1)
  2 ice dragons (IceCv)
  Fannar (Lair:3)
  15 hydras
  4 vault guards (D:13)
  A ghost crab (Swamp:2)
  A catoblepas (Lair:6)
  24 two-headed ogres
  7 death yaks (Lair:6)
  4 ogre magi (Orc:2)
  2 centaur warriors
  A deep troll shaman (Lair:6)
  A tengu warrior (D:14)
  4 alligators (Swamp:2)
  Urug (D:15)
  Sonja (Lair:2)
  2 swamp dragons
  2 unseen horrors
  3 lindwurms
  An orc sorcerer (Orc:1)
  A shambling mangrove (Swamp:1)
  A mana viper (shapeshifter) (D:13)
  3 ugly things (D:11)
  A manticore (D:15)
  2 deep elf magi (D:15)
  5 oklob plants
  5 cyclopes
  8 elephants
  3 ice statues
  4 black mambas
  A torpor snail (Lair:6)
  9 komodo dragons
  19 spiny frogs
  14 rime drakes
  A freezing wraith (D:15)
  5 trolls
  A merfolk (D:10)
  5 tyrant leeches
  A polar bear (Lair:3)
  3 bog bodies
  A wind drake (shapeshifter) (D:13)
  7 hornets
  7 blink frogs
  6 slime creatures (D:14)
  10 hippogriffs
  2 water elementals (D:12)
  A tarantella (shapeshifter) (D:13)
  7 shadows
  5 wraiths
  A spriggan (Swamp:1)
  36 yaks
  8 steam dragons
  A vampire (D:13)
  A hog (D:15)
  Grum (D:11)
  5 basilisks
  6 wyverns
  3 hungry ghosts
  8 insubstantial wisps
  8 vampire mosquitoes
  A warg (Orc:1)
  7 swamp worms
  A soldier ant (D:13)
  3 acid dragons
  8 porcupines
  10 water moccasins
  5 swamp drakes
  4 sky beasts
  17 ice beasts
  21 orc warriors
  36 ogres
  3 phantoms
  3 boggarts (D:15)
  31 wolves
  4 centaurs
  15 crocodiles
  The ghost of Shinoi the Gusty, an amateur DEAE (D:3)
  Blork the orc (D:4)
  20 bullfrogs
  A gnoll sergeant (D:8)
  A wyvern skeleton (D:10)
  A water moccasin zombie (Ossuary)
  4 scorpions
  12 killer bees
  12 wights
  4 electric eels (D:12)
  5 howler monkeys
  8 crimson imps
  A bullfrog zombie (D:5)
  2 centaur zombies
  3 quasits
  2 bullfrog skeletons
  A centaur skeleton (D:9)
  12 jellies (Lair:6)
  14 orc priests
  5 hounds
  Jessica (D:2)
  A gnoll shaman (D:9)
  16 orc wizards
  2 iguanas
  9 worker ants
  3 big kobold zombies (Ossuary)
  2 hound zombies
  3 mummies
  3 worker ant zombies
  15 gnolls
  8 adders
  3 shadow imps
  12 white imps (Orc:2)
  An ooze (Lair:6)
  3 adder zombies (Ossuary)
  A worm (D:2)
  4 leopard geckos
  87 orcs
  4 giant cockroaches
  7 gnoll zombies
  16 goblins
  19 hobgoblins
  4 jackals
  13 kobolds
  4 quokkas
  4 bats
  7 frilled lizards
  A goblin zombie (D:4)
  3 hobgoblin zombies (Ossuary)
  6 kobold zombies
  A leopard gecko zombie (D:5)
  5 orc zombies (Ossuary)
  A quokka zombie (D:6)
  13 rats
  3 bushes (D:7)
  A fungus (Lair:5)
  4 plants (Lair:2)
875 creatures vanquished.

Vanquished Creatures (collateral kills)
  7 elephants
  A hippogriff (Lair:4)
  A basilisk (Lair:4)
  2 black bears (Lair:6)
11 creatures vanquished.

Vanquished Creatures (others)
  An unseen horror (D:15)
  A centaur zombie (D:15)
  A centaur skeleton (D:15)
  2 humans (D:15)
  A wolf (Lair:3)
  A bullfrog (D:10)
  6 fungi
  6 plants
19 creatures vanquished.

Grand Total: 905 creatures vanquished

Notes
Turn   | Place    | Note
-------+----------+-------------------------------------------
     0 | D:1      | nikopol the Gargoyle Berserker began the quest for the Orb.
     0 | D:1      | Reached XP level 1. HP: 14/14 MP: 1/1
   378 | D:1      | Reached XP level 2. HP: 16/19 MP: 2/2
  1315 | D:2      | Reached XP level 3. HP: 24/24 MP: 3/3
  1345 | D:2      | Reached ** piety under Trog
  1393 | D:2      | Reached skill level 3 in Polearms
  1616 | D:2      | Noticed Jessica
  1631 | D:2      | Killed Jessica
  1631 | D:2      | Reached XP level 4. HP: 27/29 MP: 4/4
  1790 | D:2      | Found a glowing golden altar of the Shining One.
  1892 | D:2      | Noticed a moth of wrath
  1895 | D:2      | Found a bloodstained altar of Trog.
  2289 | D:3      | Reached XP level 5. HP: 33/34 MP: 5/5
  2344 | D:3      | Reached *** piety under Trog
  2545 | D:3      | Found a shadowy altar of Dithmenos.
  2638 | D:3      | Found an iron altar of Okawaru.
  2778 | D:3      | Noticed Shinoi's ghost (amateur DEAE)
  2784 | D:3      | Killed Shinoi's ghost
  2947 | D:4      | Found a sand-covered staircase.
  2969 | Ossuary  | Entered an ossuary
  3154 | Ossuary  | Reached XP level 6. HP: 29/40 MP: 6/6
  3494 | Ossuary  | Reached skill level 5 in Fighting
  3916 | D:4      | Noticed Blork the orc
  3927 | D:4      | Reached skill level 4 in Polearms
  3927 | D:4      | Reached XP level 7. HP: 44/44 MP: 7/7
  4062 | D:4      | Killed Blork the orc
  4529 | D:4      | Reached **** piety under Trog
  4604 | D:5      | Entered Level 5 of the Dungeon
  5190 | D:5      | Reached skill level 5 in Armour
  5347 | D:5      | Found a burning altar of Makhleb.
  5412 | D:5      | Reached XP level 8. HP: 51/51 MP: 8/8
  5510 | D:6      | Got a polished leather armour
  5521 | D:6      | Identified the +1 leather armour of the Locust {rN++ Regen+ rCorr Dex-4} (You found it on level 6 of the Dungeon)
  5570 | D:6      | Got a smoking scale mail
  5588 | D:6      | Identified the cursed +0 scale mail of True Grit {Int+5} (You found it on level 6 of the Dungeon)
  5639 | D:6      | Found a basalt altar of Yredelemnul.
  5954 | D:6      | Found a staircase to the Ecumenical Temple.
  6003 | D:6      | Reached skill level 5 in Polearms
  6103 | D:6      | Reached ***** piety under Trog
  6213 | D:6      | Got an ebony trident
  6214 | D:6      | Identified the +8 trident "Pamy" {freeze, *Contam rElec Int+3} (You found it on level 6 of the Dungeon)
  6689 | D:7      | Noticed a wyvern
  6698 | D:7      | Killed a wyvern
  6698 | D:7      | Reached skill level 6 in Polearms
  6698 | D:7      | Reached XP level 9. HP: 56/56 MP: 9/9
  6719 | D:7      | Found a blossoming altar of Fedhas.
  6726 | D:7      | Reached skill level 5 in Dodging
  6875 | D:7      | Gained mutation: Your body sometimes deteriorates upon taking damage. [mutagenic glow]
  7299 | D:8      | Found Wogeg's Book Shop.
  7305 | D:8      | Reached skill level 7 in Polearms
  7352 | D:8      | Found an iron altar of Okawaru.
  8113 | D:9      | Reached skill level 1 in Bows
  8161 | D:9      | Noticed Gastronok
  8353 | D:9      | Killed Gastronok
  8353 | D:9      | Reached skill level 8 in Polearms
  8353 | D:9      | Reached XP level 10. HP: 64/64 MP: 10/10
  8442 | D:9      | Found a shimmering altar of Xom.
  8617 | D:9      | Received a gift from Trog
  8692 | D:9      | Noticed a two-headed ogre
  8704 | D:9      | Killed a two-headed ogre
  8704 | D:9      | Reached skill level 9 in Polearms
  8765 | D:8      | Reached XP level 11. HP: 69/69 MP: 11/11
  8922 | D:9      | Found a staircase to the Lair.
  9171 | D:10     | Entered Level 10 of the Dungeon
  9543 | D:10     | Noticed a two-headed ogre
  9550 | D:10     | Killed a two-headed ogre
 10383 | Lair:1   | Entered Level 1 of the Lair of Beasts
 10960 | Lair:1   | Gained mutation: You are clumsy. (Dex -2) [mutagenic glow]
 10989 | Lair:1   | Noticed a seven-headed hydra
 11004 | Lair:1   | Killed a seven-headed hydra
 11004 | Lair:1   | Received a gift from Trog
 11004 | Lair:1   | Reached skill level 10 in Polearms
 11004 | Lair:1   | Reached skill level 5 in Bows
 11763 | Lair:2   | Noticed a four-headed hydra
 11778 | Lair:2   | Killed a four-headed hydra
 11782 | Lair:2   | Reached XP level 12. HP: 69/76 MP: 3/12
 11830 | Lair:2   | Found a staircase to the Swamp.
 12406 | Lair:2   | Noticed Sonja
 12417 | Lair:2   | Killed Sonja
 12445 | Lair:2   | Reached skill level 10 in Fighting
 12735 | Lair:2   | Reached skill level 11 in Polearms
 12735 | Lair:2   | Reached skill level 10 in Armour
 13634 | Lair:3   | Reached XP level 13. HP: 78/83 MP: 4/13
 14042 | Lair:3   | Noticed Fannar
 14106 | Lair:3   | Received a gift from Trog
 14174 | Lair:3   | Killed Fannar
 14360 | Lair:3   | Reached skill level 12 in Polearms
 14873 | Lair:3   | Got a twisted ring mail
 14931 | Lair:3   | Identified the +1 ring mail of Amelioration {Dex+2} (You found it on level 3 of the Lair of Beasts)
 15162 | Lair:4   | Found a staircase to the Snake Pit.
 15555 | Lair:4   | Found a snail-covered altar of Cheibriados.
 16665 | Lair:5   | Gained mutation: Your large and strong wings let you fly indefinitely. [Gargoyle growth]
 16665 | Lair:5   | Reached XP level 14. HP: 59/90 MP: 4/14
 17037 | Lair:5   | You fall through a shaft!
 17037 | Lair:6   | Entered Level 6 of the Lair of Beasts
 17037 | Lair:6   | Found a stormy altar of Qazlal.
 17058 | Lair:6   | Received a gift from Trog
 17116 | Lair:6   | Found a staircase to the Slime Pits.
 17194 | Lair:6   | Got a scorched plate armour
 17244 | Lair:6   | Identified the +1 plate armour of Lucidity {+Inv rPois rC+ SInv} (You found it on level 6 of the Lair of Beasts)
 17287 | Lair:6   | Reached skill level 13 in Polearms
 18875 | D:11     | Received a gift from Trog
 18878 | D:11     | Got a dazzling great sword {god gift}
 18880 | D:11     | Identified the +5 great sword "Jikhlinergh" {flame, Int+2} (Trog gifted it to you on level 11 of the Dungeon)
 19030 | D:11     | Noticed Grum
 19063 | D:11     | Killed Grum
 19421 | D:11     | Found a staircase to the Orcish Mines.
 19453 | D:11     | You fall through a shaft for 2 floors!
 19453 | D:13     | Noticed Frances
 19476 | D:13     | Killed Frances
 20043 | D:12     | Received a gift from Trog
 20453 | D:13     | Reached XP level 15. HP: 97/97 MP: 5/15
 20625 | D:13     | Received a gift from Trog
 20639 | D:13     | Got a scorched longbow {god gift}
 20640 | D:13     | Identified the +7 longbow of Intimidation {velocity, MR++ Str-3} (Trog gifted it to you on level 13 of the Dungeon)
 20653 | D:13     | Found a gate to the Vaults.
 20679 | D:13     | Got a faintly humming ring mail
 20690 | D:13     | Identified the +5 ring mail of Going Fast {rC+ Dex+4 Slay+3} (You found it on level 13 of the Dungeon)
 20801 | D:13     | Reached skill level 14 in Polearms
 20976 | Orc:1    | Entered Level 1 of the Orcish Mines
 21253 | Orc:1    | Found a roughly hewn altar of Beogh.
 21327 | Orc:2    | Entered Level 2 of the Orcish Mines
 21425 | Orc:2    | Received a gift from Trog
 21430 | Orc:2    | Found a frozen archway.
 21508 | IceCv    | Entered an ice cave
 21587 | IceCv    | Reached skill level 10 in Dodging
 21590 | IceCv    | Noticed Voxish's ghost (journeyman BaWn)
 21611 | IceCv    | Killed Voxish's ghost
 21625 | IceCv    | Reached skill level 10 in Bows
 21697 | IceCv    | Received a gift from Trog
 22200 | Orc:2    | Reached ****** piety under Trog
 22203 | Orc:2    | Received a gift from Trog
 22723 | Orc:2    | Noticed Snorg
 22727 | Orc:2    | Killed Snorg
 22772 | Orc:2    | Found Gualemex's Assorted Antiques.
 22772 | Orc:2    | Found Amiaxef's Assorted Antiques.
 22778 | Orc:2    | Found Fuh Tuim's Book Emporium.
 22778 | Orc:2    | Found Laug Qocic's Jewellery Shop.
 22844 | Orc:2    | Bought a scroll of identify for 52 gold pieces
 22844 | Orc:2    | Bought a potion of heal wounds for 130 gold pieces
 22845 | Orc:2    | Bought a shimmering iron amulet for 135 gold pieces
 22876 | Orc:2    | Identified the amulet of Devotion {*Drain rPois rC- Regen+ Dex+9} (You bought it in a shop on level 2 of the Orcish Mines)
 23010 | Orc:2    | Found a staircase to the Elven Halls.
 23703 | D:13     | Reached XP level 16. HP: 104/104 MP: 5/16
 23941 | D:14     | Received a gift from Trog
 24032 | D:14     | Got a translucent bardiche {god gift}
 24033 | D:14     | Identified the +4 bardiche "Jos Faak" {chop, rC+} (Trog gifted it to you on level 14 of the Dungeon)
 24063 | D:14     | Found Gozag's Platinum Reserve.
 24065 | D:14     | Found an opulent altar of Gozag.
 24619 | D:14     | Found a portal to a secret trove of treasure.
 24810 | Orc:2    | Bought a book of the Earth for 1040 gold pieces
 25119 | D:14     | You paid a toll of a book of the Earth to enter a treasure trove
 25120 | Trove    | Entered a treasure trove
 25237 | Trove    | Got a scorched scale mail
 25250 | Trove    | Identified the +8 scale mail "Paedioff" {rCorr Dex+5 Stlth+} (You found it in a treasure trove)
 25470 | D:15     | Entered Level 15 of the Dungeon
 25470 | D:15     | Found an ornate altar of the Wu Jian Council.
 25540 | D:15     | Found Weseloixt's Jewellery Boutique.
 25585 | D:15     | Reached skill level 15 in Polearms
 25618 | D:15     | Found a staircase to the Depths.
 25669 | D:15     | Noticed Kirke
 25680 | D:15     | Killed Kirke
 25937 | D:15     | Noticed Urug
 25945 | D:15     | Killed Urug
 26071 | D:15     | Noticed Nessos
 26078 | D:15     | Killed Nessos
 26203 | D:14     | Received a gift from Trog
 26580 | Swamp:1  | Entered Level 1 of the Swamp
 26830 | Swamp:1  | Got an ancient chain mail
 26841 | Swamp:1  | Identified the cursed +1 chain mail of Rochaih {Str+2} (You found it on level 1 of the Swamp)
 26971 | Swamp:1  | Noticed Josephine
 26973 | Swamp:1  | Killed Josephine
 28038 | Swamp:3  | Reached XP level 17. HP: 109/109 MP: 5/17
 28344 | Swamp:3  | Noticed Mara
 28350 | Swamp:3  | Noticed nikopol's illusion
 28374 | Swamp:3  | HP: 1/110 [nikopol's illusion[Mara] (7)]
 28374 | Swamp:3  | Slain by nikopol's illusion

Vault maps used:
D:1:      dpeg_arrival_shelter, kennysheep_boxes
D:2:      tso_oasis_becter, tgw_trog, guppyfry_early_orc_mine, uniq_jessica
D:3:      grunt_dithmenos_smoke, minmay_crystal_room,
          wad_floor_pattern_untrapped, okawaru_gym_becter
D:4:      nicolae_ossuary_entry_giza, first_bread, uniq_blork_the_orc
D:5:      corexii_shantytown, marbit_many_paths
D:6:      lemuel_zombie_altar_yredelemnul, temple_hall
D:7:      fedhas_bush_and_centaur_altar
D:8:      overflow_temple_1_default, serial_shops, shop
D:9:      brannock_xom_greatest_gift, erik_lair_dragon, uniq_gastronok
D:10:     hangedman_stone_soup, stair_cage_wide
D:11:     erik_orc_1, minmay_statue_bubble, uniq_grum
D:12:     special_room, hangedman_decor_points
D:13:     lightli_vaults_fourway_checkpoint, uniq_frances
D:14:     minmay_misc_feat_square, enter_trove_3, serial_bayou_pond_a,
          nicolae_gozag_zags_fifth_avenue
D:15:     grunt_enter_depths_giant_problem, serial_shops, shop_coins,
          lemuel_oklob_altar, uniq_urug, uniq_nessos, uniq_kirke
Lair:1:   serial_bayou_shore_b
Lair:2:   minmay_lair_oklob_tunnel, minmay_swamp_entry_wisps, uniq_sonja
Lair:3:   cheibrodos_lair_overgrown_chateau, bobbens_dragon_lair_wall,
          uniq_fannar
Lair:4:   dummy_snake_entry, basic_altar
Lair:5:   grunt_megastairs_3, lemuel_fruit_fields
Lair:6:   grunt_lair_end_beastmaster, minmay_slime_entry_jelly_boxes,
          basic_altar, infiniplex_staircase_pool_2
Swamp:1:  evilmike_swamp_ruin_rubble_2, uniq_josephine
Swamp:2:  nicolae_swamp_dense_foliage
Swamp:3:  evilmike_swamp_ruin_house_6, uniq_mara
Orc:1:    basic_altar
Orc:2:    st_orc_ogre_mass, portal_ice_cave_entry_imps, uniq_snorg
Trove:    trove_armour_six_rooms
Ossuary:  ossuary_tomb_2
IceCv:    ice_cave_small_dragons

Skill      XL: |  1  2  3  4  5  6  7  8  9 10 11 12 13 14 15 16 |
---------------+-------------------------------------------------+-----
Dodging        | 2 3 4 5 6 7 8 9 10 11 | 11.0
Polearms       | 3 4 6 8 9 10 11 12 13 14 15 | 15.6
Fighting       | 4 5 6 8 9 10 11 12 13 | 13.7
Armour         | 3 4 5 6 7 8 9 10 11 12 13 | 13.7
Bows           | 2 3 5 6 8 9 10 12 | 12.2

Action                   |  1- 3 |  4- 6 |  7- 9 | 10-12 | 13-15 | 16-18 || total
-------------------------+-------+-------+-------+-------+-------+-------++-------
Melee: Spear             |   193 |   316 |   375 |    16 |    21 |       ||   921
       Trident           |       |       |   218 |   280 |       |       ||   498
       Glaive            |       |       |       |   217 |   971 |   240 ||  1428
 Fire: Shortbow          |       |       |       |    89 |   517 |       ||   606
       Longbow           |       |       |       |       |   242 |   330 ||   572
Invok: Berserk           |       |     3 |     4 |     7 |     5 |     1 ||    20
       Burn Spellbooks   |       |       |     1 |     3 |     2 |       ||     6
       Brothers in Arms  |       |       |       |     1 |     1 |       ||     2
 Abil: Fly               |       |       |       |       |     1 |       ||     1
       Stop Flying       |       |       |       |       |       |     1 ||     1
  Use: Scroll            |       |     5 |     7 |     8 |    13 |     7 ||    40
       Potion            |       |       |       |       |     1 |     1 ||     2
 Stab: Petrified         |       |       |       |       |    12 |       ||    12
  Eat: Chunk             |     2 |     6 |    20 |    24 |    38 |    14 ||   104
       Bread ration      |       |     1 |       |       |       |       ||     1
       Fruit             |       |       |       |     1 |       |     1 ||     2
Armor: Animal skin       |    14 |       |       |       |       |       ||    14
       Ring mail         |    19 |       |       |       |   204 |       ||   223
       Scale mail        |    36 |   101 |   166 |   227 |   111 |   125 ||   766
       Plate armour      |       |       |       |       |   541 |    22 ||   563
Dodge: Dodged            |    76 |   117 |   267 |   479 |  1069 |   302 ||  2310
       Rpst.: Glaive     |       |       |       |       |       |    53 ||    53
       Longbow           |       |       |       |       |       |     6 ||     6
